 Dungeon Crawl Stone Soup version 0.31-a0-246-g8cbcc1cb85 (webtiles) character file.

Game seed: 2191868212839896254

74 qw the Shooter (level 4, 0/26 HPs)
             Began as a Gargoyle Hexslinger on July 12, 2023.
             Slain by an orc
             ... wielding a +0 trident
              (2 damage)
             ... on level 3 of the Dungeon.
             The game lasted 00:00:36 (1701 turns).

qw the Shooter (Gargoyle Hexslinger)                Turns: 1701, Time: 00:00:37

Health: 0/26       AC:  8    Str: 11    XL:     4   Next: 30%
Magic:  5/5        EV: 10    Int: 14    God:
Gold:   180        SH:  0    Dex: 14    Spells: 4/5 levels left

rFire   . . .        Y - +2 sling
rCold   . . .        (no shield)
rNeg    + . .        i - +0 ring mail
rPois   inf          (no helmet)
rElec   +            (no cloak)
rCorr   .            (no gloves)
SInv    .            (no boots)
Will    .....        (no amulet)
Stlth   +            (no ring)
HPRegen 0.24/turn    (no ring)
MPRegen 0.09/turn

%: no passive effects
@: no status effects
A: sickness immunity, AC +3, negative energy resistance 1, electricity
resistance, torment resistance 1, petrification resistance
a: no special abilities


You were on level 3 of the Dungeon.
You visited 1 branch of the dungeon, and saw 3 of its levels.

You collected 180 gold pieces.


Innate Abilities, Weirdness & Mutations

You are immune to sickness and miasma.
Your stone body is resilient. (AC +3)
You are immune to poison.
You resist negative energy. (rN+)
You are resistant to electric shocks. (rElec)
You are resistant to unholy torment.
You are immune to petrification.


   Skills:
 - Level 2.0 Fighting
 - Level 4.0 Ranged Weapons
 + Level 0.7 Armour
 - Level 1.5 Dodging
 - Level 1.0 Spellcasting
 - Level 2.6 Hexes


You had 4 spell levels left.
You knew the following spells:

 Your Spells              Type           Power      Damage    Failure   Level
a - Slow                  Hex            32%        N/A       22%         1

Your spell library contained the following spells:

 Spells                   Type           Power      Damage    Failure   Level
 Inner Flame              Hex/Fire       4%         N/A       73%         3
 Portal Projectile        Hex/Tloc       8%         N/A       73%         3
 Cause Fear               Hex            4%         N/A       91%         4

Inventory:

Hand Weapons
 Y - a +2 sling (weapon)
Armour
 i - a +0 ring mail (worn)
Scrolls
 a - a scroll of amnesia {unknown}
Potions
 d - 3 potions of curing
 e - a potion of cancellation {unknown}
 f - a potion of attraction {unknown}

Dungeon Overview and Level Annotations

Branches:
Dungeon (3/15)

Altars:


Message History

You kill the ball python!
An orc comes into view. It is wielding a +0 club.
The orc shouts!
You hear an angry hiss.
You hear a shout!
A frilled lizard comes into view.
An orc comes into view. It is wielding a +0 trident.
You shoot a sling bullet. The orc shouts!
The sling bullet hits the orc.
The orc is moderately wounded.
You hear a shout!
A kobold comes into view. It is wielding a +0 short sword.
You shoot a sling bullet.
The sling bullet closely misses the orc.
An orc comes into view. It is wielding a +0 club.
1694 ||| Stepping ~*~*~tactically~*~*~ (outnumbered).
You shoot a sling bullet. The sling bullet barely misses the orc.
You shoot a sling bullet. The sling bullet barely misses the orc.
The orc hits you with a +0 club.
The orc hits you from afar with a +0 trident.
You shoot a sling bullet. The sling bullet hits the orc.
The orc is heavily wounded.
The orc barely misses you.
The orc hits you from afar with a +0 trident. x2
The orc completely misses you.
You shoot a sling bullet. The sling bullet hits the orc.
The orc is severely wounded.
The orc barely misses you. x2
You shoot a sling bullet. The sling bullet hits the orc!
You kill the orc!
A scorpion comes into view.
The orc closely misses you.
The scorpion moves out of view.
You shoot a sling bullet. The sling bullet hits the orc.
The orc is heavily wounded.
The orc hits you from afar with a +0 trident.
The orc closely misses you. The orc hits you but does no damage.
The orc hits you from afar with a +0 trident!
You shoot a sling bullet. The sling bullet hits the orc.
You kill the orc!
The orc hits you from afar with a +0 trident.
You die...

#..... ...... .. ## ..... ...
. .... ...#. #.. .....####.#
#..l.##.# #.##o#K...#
#.....@...## .##.........# #
.............# #.
.............# ..#
#...........### ...#
#.............#
....######.....#######.#######
...............### #...#...#
....<<)..........#######.....#


You could see an orc, a kobold and a frilled lizard.

Vanquished Creatures
  2 adders (D:2)
  2 dart slugs (D:1)
  4 worms
  2 orcs (D:3)
  A bat (D:1)
  5 endoplasms
  2 goblins (D:1)
  3 hobgoblins
  4 quokkas
  5 ball pythons
  3 frilled lizards
  4 kobolds
  6 rats
43 creatures vanquished.

Notes
Turn   | Place    | Note
-------+----------+-------------------------------------------
     0 | D:1      | qw the Gargoyle Hexslinger began the quest for the Orb.
     0 | D:1      | Reached XP level 1. HP: 12/12 MP: 2/2
     0 | D:1      | 0 ||| qw: Version: 0.3-a-52-g30416fa
     0 | D:1      | 0 ||| qw: Game counter: 6470
     0 | D:1      | 0 ||| qw: Melee chars always use a shield: true
     0 | D:1      | 0 ||| qw: God list: Okawaru
     0 | D:1      | 0 ||| qw: Allow faded altars: false
     0 | D:1      | 0 ||| qw: Do Orc after clearing Dungeon:15 true
     0 | D:1      | 0 ||| qw: Do second Lair branch before Depths: true
     0 | D:1      | 0 ||| qw: Lair rune preference: random
     0 | D:1      | 0 ||| qw: Goals: Normal
     0 | D:1      | 0 ||| PLANNING D:1-11
    99 | D:1      | Reached XP level 2. HP: 16/16 MP: 3/3
   306 | D:1      | Reached skill level 3 in Ranged Weapons
   338 | D:1      | 338 ||| Stepping ~*~*~tactically~*~*~ (outnumbered).
   572 | D:1      | Reached XP level 3. HP: 21/21 MP: 4/4
   642 | D:1      | 642 ||| DRINKING 2 black potions.
   643 | D:1      | 643 ||| DROPPING scroll of poison.
  1239 | D:2      | Reached XP level 4. HP: 15/26 MP: 5/5
  1458 | D:2      | Reached skill level 4 in Ranged Weapons
  1531 | D:2      | 1531 ||| UPGRADING to +0 leather armour.
  1541 | D:2      | 1541 ||| DROPPING +0 robe.
  1542 | D:2      | 1542 ||| UPGRADING to +0 ring mail.
  1552 | D:2      | 1552 ||| DROPPING +0 leather armour.
  1553 | D:2      | 1553 ||| READING scroll labelled SONWIGRYKHU.
  1554 | D:2      | 1554 ||| READING scroll labelled MENGEZX GIOMM.
  1555 | D:2      | 1555 ||| READING scroll labelled BIWKAHO YCLO.
  1556 | D:2      | 1556 ||| READING scroll labelled YBEOTOLEYG.
  1694 | D:3      | 1694 ||| Stepping ~*~*~tactically~*~*~ (outnumbered).
  1699 | D:3      | Noticed a scorpion
  1700 | D:3      | HP: 2/26 [orc/+0 trident (8)]
  1701 | D:3      | Slain by an orc

Levels and vault maps discovered:
D:1:      dpeg_arrival_renting, layout_basic
D:2:      minmay_alternating_diamond, layout_loops_ring
D:3:      layout_rooms, uniq_crazy_yiuf_cottage

Skill      XL: |  1  2  3  4 |
---------------+-------------+-----
Ranged Weapons | 3 4 |  4.0
Fighting       | 2 |  2.0
Armour         | |  0.7
Dodging        | |  1.5
Spellcasting   | |  1.0
Hexes          | |  2.6

Action                     |  1- 3 |  4- 6 || total
---------------------------+-------+-------++-------
   Fire: Sling             |   107 |    47 ||   154
    Use: Potion            |     1 |       ||     1
         Scroll            |       |     4 ||     4
 Armour: Robe              |    10 |       ||    10
         Ring mail         |       |     1 ||     1
  Dodge: Dodged            |    20 |    11 ||    31

Table legend:
 A = Non-vault XP
 B = Vault XP
 C = Vault XP percentage of total XP
 D = Non-vault monster count
 E = Vault monster count
 F = Vault count percentage of total count
                 A         B        C        D         E       F
            +---------+---------+-------+---------+---------+-------
      Total |     108 |       2 |   1.8 |      41 |       2 |   4.7
            +---------+---------+-------+---------+---------+-------
        D:1 |      36 |       0 |   0.0 |      21 |       0 |   0.0
        D:2 |      57 |       2 |   3.4 |      14 |       2 |  12.5
        D:3 |      15 |       0 |   0.0 |       6 |       0 |   0.0
            +---------+---------+-------+---------+---------+-------
